NCAA
CONNECTICUT HUSKIES @ PENN STATE NITTANY LIONS
04/21/2027
 
TOP OF THE 1ST
Connecticut Huskies batting - Pitching for Penn State Nittany Lions : RHP John Parks
Pitching: RHP John Parks
Batting: SHB Dalton Rowe 0-0: Called Strike
0-1: Called Strike
0-2: Ball
1-2: SINGLE (Flyball, 9S)
Batting: RHB Steve Murphy 0-0: Ball
1-0: Ball
2-0: Ball
3-0: Base on Balls
Dalton Rowe to second
Batting: LHB Arthur MacDonald 0-0: DOUBLE (Flyball, 7LD)
Dalton Rowe scores
Steve Murphy to third
Runner from 3rd tries for Home, SAFE, no throw
Batting: LHB Stanley Smith 0-0: Called Strike
0-1: Called Strike
0-2: Strikes out swinging
Batting: RHB Joe Wright 0-0: Called Strike
0-1: Ball
1-1: Called Strike
Arthur MacDonald is caught stealing 3rd base
1-2: Ball
2-2: Ball
3-2: Foul Ball, location: 2F
3-2: SINGLE (Groundball, 6D)
Batting: RHB Bill Murray 0-0: Fly out, F7 (Flyball, 78M)
Top of the 1st over - 2 run(s), 3 hit(s), 0 error(s), 1 left on base; Connecticut 2 - Penn State 0
BOTTOM OF THE 1ST
Penn State Nittany Lions batting - Pitching for Connecticut Huskies : LHP Steven Powell
Pitching: LHP Steven Powell
Batting: RHB Kip Murphy 0-0: Ball
1-0: Ball
2-0: Ball
3-0: Called Strike
3-1: Swinging Strike
3-2: Base on Balls
Batting: RHB José Rodríguez 0-0: Ball
1-0: Ground out 3-1 (Groundball, 34S)
Kip Murphy to second
Batting: LHB Gary Lynn 0-0: Called Strike
Kip Murphy steals 3rd base
0-1: Swinging Strike
0-2: Strikes out swinging, 2-3 out at first.
Batting: RHB Larry Crawford 0-0: Ball
1-0: Ball
2-0: Ball
3-0: Base on Balls
Batting: LHB Ángel Santos Error on foul ball, E7
0-1: Foul Ball, location: 2F
0-2: Ball
1-2: Ground out U3 (Groundball, 34)
Bottom of the 1st over - 0 run(s), 0 hit(s), 1 error(s), 2 left on base; Connecticut 2 - Penn State 0
TOP OF THE 2ND
Connecticut Huskies batting - Pitching for Penn State Nittany Lions : RHP John Parks
Batting: RHB Barrett Barr 0-0: Ball
1-0: Reached on error, E5 (Groundball, 56)
Batting: RHB Bill Moore 0-0: Ball
1-0: Ball
2-0: Ball
3-0: Called Strike
3-1: Fly out, F5 (Line Drive, 56)
Batting: RHB John Hatch 0-0: Ball
1-0: Called Strike
1-1: Ball
2-1: Ball
3-1: Base on Balls
Barrett Barr to second
Batting: SHB Dalton Rowe 0-0: Foul Ball, location: 2F
0-1: Called Strike
0-2: Strikes out looking
Batting: RHB Steve Murphy 0-0: Ball
1-0: Ball
2-0: Called Strike
2-1: Swinging Strike
2-2: Fly out, F6 (Flyball, 56D)
Top of the 2nd over - 0 run(s), 0 hit(s), 1 error(s), 2 left on base; Connecticut 2 - Penn State 0
BOTTOM OF THE 2ND
Penn State Nittany Lions batting - Pitching for Connecticut Huskies : LHP Steven Powell
Batting: RHB Mike Caldwell 0-0: Ball
1-0: Foul Ball, location: 2F
1-1: Swinging Strike
1-2: Ball
2-2: Ball
3-2: Strikes out looking
Batting: LHB James Macías 0-0: Ball
1-0: Called Strike
1-1: Called Strike
1-2: Strikes out looking
Batting: LHB Bryan Peña 0-0: SOLO HOME RUN (Flyball, 9LD), Distance : 315 ft
Batting: RHB Ron Hale 0-0: Fly out, F8 (Flyball, 8LM)
Bottom of the 2nd over - 1 run(s), 1 hit(s), 0 error(s), 0 left on base; Connecticut 2 - Penn State 1
TOP OF THE 3RD
Connecticut Huskies batting - Pitching for Penn State Nittany Lions : RHP John Parks
Batting: LHB Arthur MacDonald 0-0: Ball
1-0: Ball
2-0: Swinging Strike
2-1: Foul Ball, location: 2F
2-2: Strikes out looking
Batting: LHB Stanley Smith 0-0: Ball
1-0: Ball
2-0: Ball
3-0: Called Strike
3-1: Base on Balls
Batting: RHB Joe Wright 0-0: Called Strike
0-1: Ground out 5-3 (Groundball, 25)
Stanley Smith to second
Batting: RHB Bill Murray 0-0: Called Strike
0-1: Ball
1-1: Reached on error, E6 (Groundball, 6)
Stanley Smith to third
Batting: RHB Barrett Barr 0-0: Ball
1-0: Ball
2-0: Ball
3-0: Called Strike
3-1: Foul Ball, location: 2F
3-2: Foul Ball, location: 2F
3-2: Ground out 1-3 (Groundball, 13S)
Top of the 3rd over - 0 run(s), 0 hit(s), 1 error(s), 2 left on base; Connecticut 2 - Penn State 1
BOTTOM OF THE 3RD
Penn State Nittany Lions batting - Pitching for Connecticut Huskies : LHP Steven Powell
Batting: RHB Kip Murphy 0-0: Ball
1-0: Ball
2-0: Foul Ball, location: 2F
2-1: Swinging Strike
2-2: Ball
3-2: Strikes out swinging
Batting: RHB José Rodríguez 0-0: Fly out, F9 (Line Drive, 9LM)
Batting: LHB Gary Lynn 0-0: Ball
1-0: Ball
2-0: Ball
3-0: Base on Balls
Batting: RHB Larry Crawford 0-0: Foul Ball, location: 2F
0-1: Foul Ball, location: 2F
0-2: Fly out, F4 (Line Drive, 4M)
Bottom of the 3rd over - 0 run(s), 0 hit(s), 0 error(s), 1 left on base; Connecticut 2 - Penn State 1
TOP OF THE 4TH
Connecticut Huskies batting - Pitching for Penn State Nittany Lions : RHP John Parks
Batting: RHB Bill Moore 0-0: Called Strike
0-1: Ball
1-1: Foul Ball, location: 2F
1-2: DOUBLE (Line Drive, 9LS)
Batting: RHB John Hatch 0-0: Ball
1-0: Swinging Strike
1-1: Swinging Strike
1-2: Fly out, F8 (Line Drive, 8RM)
Batting: SHB Dalton Rowe 0-0: Ground out 4-3 (Groundball, 4)
Bill Moore to third
Batting: RHB Steve Murphy 0-0: Ball
1-0: Ball
2-0: Ball
3-0: Base on Balls
Batting: LHB Arthur MacDonald 0-0: Ball
1-0: Fly out, F4 (Flyball, 4D)
Top of the 4th over - 0 run(s), 1 hit(s), 0 error(s), 2 left on base; Connecticut 2 - Penn State 1
BOTTOM OF THE 4TH
Penn State Nittany Lions batting - Pitching for Connecticut Huskies : LHP Steven Powell
Batting: LHB Ángel Santos 0-0: Ball
1-0: Called Strike
1-1: SINGLE (Line Drive, 7S)
Batting: RHB Mike Caldwell 0-0: Ball
1-0: Ball
2-0: Called Strike
2-1: Foul Ball, location: 2F
2-2: Ball
3-2: Base on Balls
Ángel Santos to second
Batting: LHB James Macías 0-0: Fly out, F9 (Flyball, 89M)
Batting: LHB Bryan Peña 0-0: 3-RUN HOME RUN (Flyball, 9LD), Distance : 327 ft
Batting: RHB Ron Hale 0-0: Ball
1-0: Fly out, F9 (Flyball, 9S)
Batting: RHB Kip Murphy 0-0: Called Strike
0-1: Ground out 4-3 (Groundball, 4M)
Bottom of the 4th over - 3 run(s), 2 hit(s), 0 error(s), 0 left on base; Connecticut 2 - Penn State 4
TOP OF THE 5TH
Connecticut Huskies batting - Pitching for Penn State Nittany Lions : RHP John Parks
Batting: LHB Stanley Smith 0-0: Called Strike
0-1: DOUBLE (Line Drive, 89D)
Batting: RHB Joe Wright 0-0: Fly out, F9 (Flyball, 9)
Runner from 2nd tags up, SAFE at 3rd with throw
Pitching: LHP Ryan Roach
Batting: RHB Bill Murray 0-0: Called Strike
0-1: Called Strike
0-2: Foul Ball, location: 2F
0-2: Ball
1-2: Ball
2-2: Ball
3-2: Base on Balls
Batting: RHB Barrett Barr 0-0: Foul Ball, location: 2F
0-1: Called Strike
0-2: Fly out, F7 (Flyball, 7)
Runner from 3rd tags up, SCORES, no throw
Batting: RHB Bill Moore 0-0: Ball
1-0: Called Strike
1-1: Swinging Strike
1-2: Ball
2-2: Ball
3-2: Base on Balls
Bill Murray to second
Pitching: RHP Hugh Hale
Batting: RHB John Hatch 0-0: Ball
1-0: Swinging Strike
1-1: DOUBLE (Flyball, 78M)
Bill Murray scores
Bill Moore to third
Runner from 3rd tries for Home, SAFE, no throw
Batting: SHB Dalton Rowe 0-0: Called Strike
0-1: Fly out, F6 (Flyball, 6D)
Top of the 5th over - 3 run(s), 2 hit(s), 0 error(s), 1 left on base; Connecticut 5 - Penn State 4
BOTTOM OF THE 5TH
Penn State Nittany Lions batting - Pitching for Connecticut Huskies : LHP Steven Powell
Batting: RHB José Rodríguez 0-0: Swinging Strike
0-1: Fly out, F4 (Popup, 4MD)
Batting: LHB Gary Lynn 0-0: Ball
1-0: Fly out, F9 (Flyball, 9LM)
Batting: RHB Larry Crawford 0-0: Ball
1-0: Ball
2-0: Called Strike
2-1: Ball
3-1: Base on Balls
Batting: LHB Ángel Santos 0-0: Ball
1-0: Ball
2-0: SINGLE (Line Drive, 89S)
Larry Crawford to second
Batting: RHB Mike Caldwell 0-0: Called Strike
0-1: Ball
1-1: Ball
2-1: Called Strike
2-2: Ball
3-2: Ground out 6-3 (Groundball, 6)
Bottom of the 5th over - 0 run(s), 1 hit(s), 0 error(s), 2 left on base; Connecticut 5 - Penn State 4
TOP OF THE 6TH
Connecticut Huskies batting - Pitching for Penn State Nittany Lions : RHP Hugh Hale
Batting: RHB Steve Murphy 0-0: Foul Ball, location: 2F
0-1: Ground out 1-3 (Groundball, P)
Batting: LHB Arthur MacDonald 0-0: Foul Ball, location: 2F
0-1: Swinging Strike
0-2: Ball
1-2: SINGLE (Flyball, 8RS)
Pitching: RHP Travis Weston
Batting: LHB Stanley Smith 0-0: Swinging Strike
0-1: Ground out 4-3 (Groundball, 34)
Arthur MacDonald to second
Batting: RHB Joe Wright 0-0: Ball
1-0: Called Strike
1-1: Ball
2-1: Foul Ball, location: 2F
2-2: Ball
3-2: Base on Balls
Pitching: LHP Rick Johnson
Batting: RHB Bill Murray 0-0: Called Strike
0-1: Ball
1-1: Called Strike
1-2: Ball
2-2: Strikes out swinging
Top of the 6th over - 0 run(s), 1 hit(s), 0 error(s), 2 left on base; Connecticut 5 - Penn State 4
BOTTOM OF THE 6TH
Penn State Nittany Lions batting - Pitching for Connecticut Huskies : LHP Steven Powell
Batting: LHB James Macías 0-0: SOLO HOME RUN (Flyball, 9LD), Distance : 317 ft
Pitching: RHP Daniel Merrill
Batting: LHB Bryan Peña 0-0: Ball
1-0: Ball
2-0: Ball
3-0: Base on Balls
Batting: RHB Ron Hale 0-0: Swinging Strike
0-1: Fly out, F8 (Flyball, 8RM)
Batting: RHB Kip Murphy 0-0: Swinging Strike
0-1: Foul Ball, location: 2F
0-2: Foul Ball, location: 2F
0-2: SINGLE (Line Drive, 6MD)
Bryan Peña to second
Batting: RHB José Rodríguez 0-0: Ball
1-0: Ball
2-0: Ball
3-0: Base on Balls
Bryan Peña to third
Kip Murphy to second
Batting: LHB Gary Lynn 0-0: Ball
1-0: Foul Ball, location: 2F
1-1: Ball
2-1: Called Strike
2-2: Fly out, F2 (Popup, P)
Batting: RHB Larry Crawford 0-0: Ball
1-0: Ball
2-0: Ball
3-0: Foul Ball, location: 2F
3-1: Swinging Strike
3-2: Strikes out swinging
Bottom of the 6th over - 1 run(s), 2 hit(s), 0 error(s), 3 left on base; Connecticut 5 - Penn State 5
TOP OF THE 7TH
Connecticut Huskies batting - Pitching for Penn State Nittany Lions : LHP Rick Johnson
Pitching: RHP Barry Powell
Batting: RHB Barrett Barr 0-0: Foul Ball, location: 2F
0-1: Hit by Pitch
Batting: RHB Bill Moore 0-0: Bunt missed!
0-1: Bunted foul
0-2: Ball
1-2: Ground out 5-3 (Groundball, 5S)
Barrett Barr to second
Batting: RHB John Hatch 0-0: Intentional Walk
Batting: SHB Dalton Rowe 0-0: Fielders Choice at 2nd, 4-6 (Groundball, 4)
Barrett Barr to third
Batting: RHB Steve Murphy 0-0: Ball
1-0: Ball
2-0: Called Strike
2-1: Called Strike
2-2: Foul Ball, location: 2F
2-2: Strikes out swinging
Top of the 7th over - 0 run(s), 0 hit(s), 0 error(s), 2 left on base; Connecticut 5 - Penn State 5
BOTTOM OF THE 7TH
Penn State Nittany Lions batting - Pitching for Connecticut Huskies : RHP Daniel Merrill
Batting: LHB Ángel Santos 0-0: Ball
1-0: Ball
2-0: SINGLE (Groundball, 5D)
Batting: RHB Mike Caldwell 0-0: Ball
1-0: Sac Bunt - play at first, batter OUT! 1-4
Ángel Santos to second
Batting: LHB James Macías 0-0: Called Strike
0-1: Swinging Strike
0-2: Fly out, F4 (Popup, 4D)
Batting: LHB Bryan Peña 0-0: Swinging Strike
0-1: Foul Ball, location: 2F
0-2: Strikes out looking
Bottom of the 7th over - 0 run(s), 1 hit(s), 0 error(s), 1 left on base; Connecticut 5 - Penn State 5
TOP OF THE 8TH
Connecticut Huskies batting - Pitching for Penn State Nittany Lions : RHP Barry Powell
Batting: LHB Arthur MacDonald 0-0: Ball
1-0: Ball
2-0: Called Strike
2-1: Swinging Strike
2-2: Strikes out looking
Batting: LHB Stanley Smith 0-0: Ball
1-0: Called Strike
1-1: Ball
2-1: Ball
3-1: Base on Balls
Batting: RHB Joe Wright 0-0: Ball
1-0: Ball
2-0: Swinging Strike
2-1: Foul Ball, location: 2F
2-2: Foul Ball, location: 2F
2-2: Ball
3-2: Base on Balls
Stanley Smith to second
Batting: RHB Bill Murray 0-0: Ball
1-0: Called Strike
1-1: Ball
2-1: Foul Ball, location: 2F
2-2: SINGLE (Line Drive, 7LS)
Stanley Smith to third
Joe Wright to second
Runner from 3rd tries for Home, SAFE, no throw
Batting: RHB Barrett Barr 0-0: Called Strike
0-1: Ball
1-1: Foul Ball, location: 2F
1-2: Fly out, F8 (Flyball, 8RS)
Batting: RHB Bill Moore 0-0: Ball
1-0: DOUBLE (Line Drive, 8LXD)
Joe Wright scores
Bill Murray to third
Runner from 3rd tries for Home, SAFE, no throw
Batting: RHB John Hatch 0-0: Ball
1-0: 2-RUN HOME RUN (Flyball, 7LD), Distance : 339 ft
Batting: SHB Dalton Rowe 0-0: Foul Ball, location: 2F
0-1: Ground out 4-3 (Groundball, 4)
Top of the 8th over - 5 run(s), 3 hit(s), 0 error(s), 0 left on base; Connecticut 10 - Penn State 5
BOTTOM OF THE 8TH
Penn State Nittany Lions batting - Pitching for Connecticut Huskies : RHP Daniel Merrill
Batting: RHB Ron Hale 0-0: Called Strike
0-1: Ball
1-1: Called Strike
1-2: Foul Ball, location: 2F
1-2: Ground out 6-3 (Groundball, 6)
Batting: RHB Kip Murphy 0-0: Ball
1-0: Ball
2-0: Called Strike
2-1: Foul Ball, location: 2F
2-2: Ball
3-2: Base on Balls
Batting: RHB José Rodríguez 0-0: Ball
1-0: Ball
2-0: Ball
3-0: Base on Balls
Kip Murphy to second
Pitching: RHP Luis Guerrero
Batting: LHB Gary Lynn 0-0: Called Strike
0-1: Ball
1-1: Called Strike
1-2: Strikes out swinging
Batting: RHB Larry Crawford 0-0: Swinging Strike
0-1: Ball
1-1: Foul Ball, location: 2F
1-2: Foul Ball, location: 2F
1-2: Fielders Choice at 2nd, 4-6 (Groundball, 4)
Bottom of the 8th over - 0 run(s), 0 hit(s), 0 error(s), 1 left on base; Connecticut 10 - Penn State 5
TOP OF THE 9TH
Connecticut Huskies batting - Pitching for Penn State Nittany Lions : RHP Barry Powell
Batting: RHB Steve Murphy 0-0: Foul Ball, location: 2F
0-1: Ball
1-1: Foul Ball, location: 2F
1-2: Fly out, F7 (Line Drive, 78S)
Batting: LHB Arthur MacDonald 0-0: Called Strike
0-1: Foul Ball, location: 2F
0-2: Hit by Pitch
Batting: LHB Stanley Smith 0-0: Called Strike
0-1: Called Strike
0-2: Ball
1-2: Ball
2-2: Ball
Arthur MacDonald is caught stealing 2nd base
3-2: Foul Ball, location: 2F
3-2: Base on Balls
Pitching: LHP Júlio Bustamante
Batting: RHB Joe Wright 0-0: Ball
1-0: Fly out, F7 (Flyball, 7LSF)
Top of the 9th over - 0 run(s), 0 hit(s), 0 error(s), 1 left on base; Connecticut 10 - Penn State 5
BOTTOM OF THE 9TH
Penn State Nittany Lions batting - Pitching for Connecticut Huskies : RHP Luis Guerrero
Pitching: RHP Mark Schmidt
Batting: LHB Ángel Santos 0-0: Ball
1-0: Ball
2-0: Ball
3-0: Base on Balls
Batting: RHB Mike Caldwell 0-0: Called Strike
0-1: Ball
1-1: Ball
2-1: 2-RUN HOME RUN (Flyball, 7LD), Distance : 327 ft
Pitching: LHP Ryan Cameron
Batting: LHB James Macías 0-0: Foul Ball, location: 2F
0-1: Foul Ball, location: 2F
0-2: Strikes out looking
Batting: LHB Bryan Peña 0-0: Ball
1-0: Foul Ball, location: 2F
1-1: Foul Ball, location: 2F
1-2: Strikes out looking
Batting: RHB Ron Hale 0-0: Ground out 6-3 (Groundball, 6)
Bottom of the 9th over - 2 run(s), 1 hit(s), 0 error(s), 0 left on base; Connecticut 10 - Penn State 7
Thursday, March 30th, 2017 - OOTP Baseball 17.12 Build 75